 Dungeon Sprint DCSS version 0.21.1-1-g345015f (webtiles) character file.

532 Fang the Fighter (level 7, -6/74 HPs)
             Began as a Minotaur Berserker on Apr 25, 2018.
             Was a High Priest of Trog.
             Mangled by a merfolk
             ... wielding a +0 trident
              (16 damage)
             ... in the Dungeon (Sprint V: "Ziggurat Sprint") on Apr 26, 2018.
             The game lasted 00:04:21 (388 turns).

Fang the Fighter (Minotaur Berserker)                Turns: 388, Time: 00:04:21

Health: -6/74      AC: 18    Str: 29    XL:     7   Next: 3%
Magic:  6/6        EV: 11    Int:  4    God:    Trog [*****.]
Gold:   0          SH:  0    Dex: 10    Spells: 6/6 levels left

rFire    . . .     SeeInvis .   l - +5 demon trident
rCold    . . .     Gourm    .   (no shield)
rNeg     . . .     Faith    .   j - +5 shadow dragon scales
rPois    .         Spirit   .   (helmet restricted)
rElec    .         Reflect  .   (no cloak)
rCorr    .         Harm     .   (no gloves)
MR       .....     NoTele   +   (no boots)
Stlth    ++........             (no amulet)
HPRegen  0.22/turn              G - ring of flight
MPRegen  0.10/turn              F - +6 ring of strength

@: berserk cooldown, slowed, very slow
A: retaliatory headbutt, horns 2
a: Berserk, Trog's Hand, Brothers in Arms, Burn Spellbooks, Renounce Religion,
Evoke Flight


You were in the Dungeon.
You worshipped Trog.
Trog was extremely pleased with you.
You were not hungry.

You visited 1 branch

Inventory:

Hand Weapons
 k - a +5 executioner's axe
 l - a +5 demon trident (weapon)
Missiles
 b - 8 needles of confusion (quivered)
Armour
 j - +5 shadow dragon scales (worn)
Jewellery
 F - a +6 ring of strength (right hand)
 G - a ring of flight (left hand)
Wands
 x - a wand of disintegration (7)
 y - a wand of iceblast (7)
 z - a wand of acid (7)
Scrolls
 i - 4 scrolls of blinking
 m - 7 scrolls of fog
 n - a scroll of holy word
 o - 5 scrolls of identify
 p - 5 scrolls of remove curse
 q - 2 scrolls of fear
Potions
 d - 10 potions of curing
 e - 10 potions of heal wounds
 f - 6 potions of haste
 g - 7 potions of magic
 h - 3 potions of berserk rage
 r - 2 potions of brilliance
 s - 2 potions of invisibility
 t - 4 potions of resistance
 u - a potion of experience
 v - 5 potions of agility
 w - 5 potions of might
Comestibles
 a - 7 chunks of flesh
 c - 7 rations


   Skills:
 + Level 11.2 Fighting
 + Level 10.6(11.2) Axes
 + Level 5.8(9.0) Polearms
 + Level 7.0 Armour
 + Level 5.1 Dodging
 + Level 0.7 Stealth


You had 6 spell levels left.
You didn't know any spells.

Dungeon Overview and Level Annotations

Branches:
Dungeon (1/1)

Altars:
Ashenzari
Cheibriados
Dithmenos
Elyvilon
Fedhas
Gozag
Hepliaklqana
Kikubaaqudgha
Makhleb
Nemelex Xobeh
Okawaru
Qazlal
Ru
Sif Muna
Trog
Uskayaw
Vehumet
Wu Jian
Xom
Yredelemnul
Zin
The Shining One
Beogh
Jiyva
Lugonu

Annotations:
D 1 transporter


Innate Abilities, Weirdness & Mutations

You reflexively headbutt those who attack you in melee.
You have a pair of horns on your head.


Message History

a merfolk corpse You barely miss the merfolk.
You headbutt the merfolk!
The merfolk is moderately wounded.
The merfolk hits you with a trident! x2
* * * LOW HITPOINT WARNING * * *
The merfolk hits you with a trident.
* * * LOW HITPOINT WARNING * * *
The merfolk closely misses you.
You impale the merfolk!! Your headbutt misses the merfolk.
The merfolk is severely wounded.
The merfolk hits you but does no damage.
The merfolk barely misses you. You furiously retaliate!
You headbutt the merfolk. The merfolk hits you with a trident.
* * * LOW HITPOINT WARNING * * *
Unknown command.
You impale the merfolk!!
The merfolk is almost dead.
The merfolk hits you but does no damage.
The merfolk hits you with a trident!
You die...

▓.÷...▓.....▓..©..▓
▓..©..▓..©..▓▓▓▓▓▓▓
▓▓▓▓▓▓▓▓▓▓▓▓▓▓
▓..8©8...▓
▓..:}}...▓
▓...)....▓
▓........▓
▓..mmm...▓
▓.▓.@..▓.▓
▓...©....▓
▓▓▓▓▓▓▓▓▓▓


You could see 3 merfolk.

Vanquished Creatures
  A merfolk (D)
  A polar bear (D)
  2 orc priests (D)
  An orc wizard (D)
  4 adders (D)
  A white imp (D)
10 creatures vanquished.

Notes
Turn   | Place    | Note
-------+----------+-------------------------------------------
     0 | D        | Found the +6 Majin-Bo {vamp, Archmagi MP+6 Int+6}
     0 | D        | Found the +7 great mace "Firestarter" {inner flame, rF++}
     0 | D        | Fang the Minotaur Berserker began the quest for the Orb.
     0 | D        | Reached XP level 1. HP: 19/19 MP: 0/0
     3 | D        | Found a blossoming altar of Fedhas.
     4 | D        | Found a viscous altar of Jiyva.
     4 | D        | Found a hazy altar of Hepliaklqana.
     4 | D        | Found a transporter.
     4 | D        | Found an opulent altar of Gozag.
     4 | D        | Found an ancient bone altar of Kikubaaqudgha.
     4 | D        | Found a corrupted altar of Lugonu.
    10 | D        | Found a burning altar of Makhleb.
    12 | D        | Found a sacrificial altar of Ru.
    12 | D        | Found a stormy altar of Qazlal.
    12 | D        | Found a deep blue altar of Sif Muna.
    12 | D        | Found an iron altar of Okawaru.
    12 | D        | Found a bloodstained altar of Trog.
    12 | D        | Found a sparkling altar of Nemelex Xobeh.
    75 | D        | Entered arena 2.
    75 | D        | Noticed a polar bear
    75 | D        | Found a transporter.
    80 | D        | Killed a polar bear
    80 | D        | Reached skill level 9 in Fighting
    80 | D        | Reached skill level 5 in Armour
    80 | D        | Reached XP level 2. HP: 37/37 MP: 1/1
    80 | D        | Reached XP level 3. HP: 42/42 MP: 2/2
    80 | D        | Reached XP level 4. HP: 50/50 MP: 3/3
    80 | D        | Reached XP level 5. HP: 57/57 MP: 4/4
    86 | D        | Reached ** piety under Trog
   151 | D        | Entered arena 3.
   151 | D        | Found a transporter.
   157 | D        | Reached *** piety under Trog
   159 | D        | Reached XP level 6. HP: 52/66 MP: 5/5
   171 | D        | Reached **** piety under Trog
   222 | D        | Entered arena 4.
   222 | D        | Found a transporter.
   226 | D        | Reached skill level 10 in Fighting
   238 | D        | Reached ***** piety under Trog
   240 | D        | Reached skill level 10 in Axes
   249 | D        | Received a gift from Trog
   376 | D        | Entered arena 5.
   376 | D        | Noticed a merfolk
   376 | D        | Noticed a merfolk
   376 | D        | Noticed a merfolk
   376 | D        | Noticed a merfolk
   376 | D        | Found a transporter.
   384 | D        | Killed a merfolk
   384 | D        | Reached skill level 11 in Fighting
   384 | D        | Reached skill level 5 in Polearms
   384 | D        | Reached skill level 5 in Dodging
   384 | D        | Reached XP level 7. HP: 54/74 MP: 6/6
   388 | D        | Mangled by a merfolk

Skill      XL: |  1  2  3  4  5  6 |
---------------+-------------------+-----
Fighting       | 9 11 | 11.2
Axes           | 9 10 | 10.6
Polearms       | 2 3 5 |  5.8
Armour         | 5 7 |  7.0
Dodging        | 4 5 |  5.1
Stealth        | |  0.7

Action                   |  1- 3 |  4- 6 |  7- 9 || total
-------------------------+-------+-------+-------++-------
Melee: Demon trident     |     4 |    30 |     3 ||    37
       Headbutt          |       |     3 |     1 ||     4
Invok: Berserk           |     1 |     1 |       ||     2
       Burn Spellbooks   |       |     3 |       ||     3
Armor: Shadow dragon sca |       |    25 |     4 ||    29
Dodge: Dodged            |     3 |    22 |     2 ||    27
